 Dungeon Crawl Stone Soup version 0.20.0-15-g7f486f2 (webtiles) character file.

718673 cossakc the Conqueror (level 27, -4/273 HPs)
             Began as a Minotaur Berserker on June 27, 2017.
             Was the Champion of Trog.
             Slain by a white draconian monk (16 damage)
             ... on level 1 of the Realm of Zot on June 29, 2017.
             The game lasted 05:29:01 (75924 turns).

cossakc the Conqueror (Minotaur Berserker)         Turns: 75924, Time: 05:29:02

Health: -4/273     AC: 36    Str: 54    XL:     27
Magic:  22/22      EV: 20    Int: 15    God:    Trog [******]
Gold:   5754       SH:  0    Dex: 18    Spells: 26/26 levels left

rFire    + + +     SeeInvis .   g - +12 glaive of Symmetry {vamp, Int+6}
rCold    + . .     Gourm    .   (shield currently unavailable)
rNeg     . . .     Faith    .   T - +9 scales of the Dragon King {rPois rF+ rC+ MR+}
rPois    +         Spirit   .   (helmet restricted)
rElec    +         Reflect  .   X - +0 cloak of Ru's Brutal Revenge {rElec rPois Regen+ Str+2}
rCorr    .         Harm     .   V - +1 pair of gloves "Ebbicka" {MR+}
MR       +++++     NoCast   +   N - +1 pair of boots "Unoi" {-Cast rF+++ MR+ Int+3}
Stlth    ..........             P - amulet "Urchibane" {RegenMP Str+7}
Regen    2.4/turn               R - +6 ring of strength
MPRegen  0.3/turn               t - ring "Qytylono" {rElec MR- Str+8 Dex+4}

@: corroded, regenerating, slowed, very slow
A: retaliatory headbutt, horns 2, blurry vision 1, clever 1, fire resistance 2,
regeneration 1
}: 4/15 runes: barnacled, silver, abyssal, gossamer
a: Berserk, Trog's Hand, Brothers in Arms, Burn Spellbooks, Renounce Religion


You were on level 1 of the Realm of Zot.
You worshipped Trog.
Trog was exalted by your worship.
You were hungry.

You visited 13 branches of the dungeon, and saw 50 of its levels.
You visited the Abyss 1 time.
You visited 2 bazaars.
You also visited: Ossuary, Ice Cave, Wizlab and Desolation.

You collected 7923 gold pieces.
You spent 2169 gold pieces at shops.

Inventory:

Hand Weapons
 g - the +12 glaive of Symmetry (weapon) {vamp, Int+6}
   (You took it off a deep elf annihilator on level 3 of the Elven Halls)

   It inflicts no extra harm, but heals its wielder when it wounds a living foe.
   It affects your intelligence (+6).
 j - the +10 spear "Jyawer" {flame, Str+4 Int+2 Stlth+}
   (You found it on level 6 of the Lair of Beasts)

   It has been specially enchanted to burn those struck by it, causing extra
   injury to most foes and up to half again as much damage against particularly
   susceptible opponents.
   It affects your strength (+4).
   It affects your intelligence (+2).
   It makes you more stealthy.
 m - the +6 trident of Eternal Vigilance {drain, -Tele +Rage Int-4 Dex+6 SInv, unknown}
   (You found it on level 4 of the Vaults)

   A truly terrible weapon, it drains the life of those it strikes.
   It affects your intelligence (-4).
   It affects your dexterity (+6).
   It lets you see invisible.
   It lets you go berserk.
   It prevents most forms of teleportation.
 p - the +7 lajatang of Sharkskin {slice, rF++ rC- Dex+6}
   (You took it off a deep elf death mage on level 3 of the Elven Halls)

   It inflicts extra damage upon your enemies.
   It affects your dexterity (+6).
   It greatly protects you from fire.
   It makes you vulnerable to cold.
 q - a +2 quick blade of electrocution
 D - a +7 demon trident of flaming
Missiles
 h - 69 javelins of penetration
 i - 1896 bolts
 v - a throwing net
 G - 78 javelins
 I - 17 javelins of returning (quivered)
 O - 34 poisoned javelins
 Z - 8 poisoned tomahawks
Armour
 N - the +1 pair of boots "Unoi" (worn) {-Cast rF+++ MR+ Int+3}
   (You found it on level 8 of the Dungeon)

   It affects your intelligence (+3).
   It renders you almost immune to fire.
   It affects your resistance to hostile enchantments.
   It prevents spellcasting.
 T - the +9 scales of the Dragon King (worn) {rPois rF+ rC+ MR+}
   (You found it in the Desolation of Salt)

   It protects you from fire.
   It protects you from cold.
   It protects you from poison.
   It affects your resistance to hostile enchantments.
 V - the +1 pair of gloves "Ebbicka" (worn) {MR+}
   (You found it on level 4 of the Shoals)

   It affects your resistance to hostile enchantments.
 X - the +0 cloak of Ru's Brutal Revenge (worn) {rElec rPois Regen+ Str+2}
   (You found it in the Desolation of Salt)

   It affects your strength (+2).
   It insulates you from electricity.
   It protects you from poison.
   It increases your rate of regeneration.
 Y - the +4 shield "Ustrad" {Str+4}
   (You found it on level 12 of the Dungeon)

   It affects your strength (+4).
Jewellery
 t - the ring "Qytylono" (right hand) {rElec MR- Str+8 Dex+4}
   (You found it on level 6 of the Lair of Beasts)

   [ring of dexterity]

   It affects your strength (+8).
   It affects your dexterity (+4).
   It insulates you from electricity.
   It affects your resistance to hostile enchantments.
 u - the ring "Inoub" {rElec rF+ MP-9 Str+3 Int+5}
   (You found it in the Desolation of Salt)

   [ring of strength]

   It affects your strength (+3).
   It affects your intelligence (+5).
   It protects you from fire.
   It insulates you from electricity.
   It affects your magic capacity (-9).
 J - the ring "Podan" {Str+4 Int+4, unknown}
   (You found it in the Desolation of Salt)

   [ring of intelligence]

   It affects your strength (+4).
   It affects your intelligence (+4).
 K - the brooch of Shielding {Reflect SH+8}
   (You found it on level 4 of the Shoals)

   [amulet of reflection]

   It shields you and reflects attacks.
   It affects your SH (+8).
 P - the amulet "Urchibane" (around neck) {RegenMP Str+7}
   (You took it off a vampire mage on level 3 of the Elven Halls)

   [amulet of magic regeneration]

   It increases your magic regeneration.
   It affects your strength (+7).
 R - a +6 ring of strength (left hand)
Scrolls
 a - 4 scrolls of fear
 d - 7 scrolls of enchant armour
 e - 8 scrolls of recharging
 l - 27 scrolls of remove curse
 o - 2 scrolls of identify
 y - 23 scrolls of teleportation
 B - 6 scrolls of fog
 E - 10 scrolls of blinking
 F - 3 scrolls of silence
 Q - 4 scrolls of summoning
Potions
 b - 9 potions of haste
 n - 27 potions of curing
 r - 5 potions of mutation
 w - 6 potions of ambrosia
 x - a potion of heal wounds
 z - 5 potions of cancellation
 A - 16 potions of flight
 C - 3 potions of resistance
 L - 4 potions of agility
Miscellaneous
 k - the horn of Geryon
 H - a fan of gales
 U - a lamp of fire
 W - a phial of floods
Comestibles
 c - 21 bread rations
 f - 20 meat rations
 M - 18 royal jellies
 S - 33 fruits


   Skills:
 O Level 27 Fighting
   Level 14.0 Maces & Flails
 - Level 23.0 Polearms
   Level 9.5 Crossbows
 + Level 17.9 Throwing
 O Level 27 Armour
 - Level 14.9 Dodging
 - Level 4.6 Stealth
 - Level 21.8 Shields


You had 26 spell levels left.
You didn't know any spells.

Dungeon Overview and Level Annotations

Branches:
Dungeon (15/15)            Temple (1/1) D:7            Lair (6/6) D:8
 Shoals (4/4) Lair:4       Spider (4/4) Lair:2        Slime (1/5) Lair:5
    Orc (2/2) D:12            Elf (3/3) Orc:2        Vaults (5/5) D:13
  Crypt (0/3) Vaults:3     Depths (5/5) D:15           Hell (1/1)
    Dis (0/7) Hell            Geh (1/7) Hell            Coc (0/7) Hell
    Tar (0/7) Hell            Zot (2/5) Depths:5

Altars:
Ashenzari
Cheibriados
Dithmenos
Elyvilon
Fedhas
Gozag
Hepliaklqana
Kikubaaqudgha
Makhleb
Nemelex Xobeh
Okawaru
Qazlal
Ru
Sif Muna
Trog
Uskayaw
Vehumet
Xom
Yredelemnul
Zin
The Shining One
Beogh
Jiyva
Lugonu

Shops:
D:4 *   D:6 }   D:8 [   D:10 [   D:11 (   D:13 %(([   Orc:1 (   Orc:2 ([?(
Shoals:1 *!   Shoals:2 [   Shoals:4 (   Vaults:1 [   Vaults:5 =}

Portals:
Hell: Depths:1 Depths:2 Depths:3 Depths:4 Depths:5
Abyss: Depths:1 Depths:3 Depths:4
Pandemonium: Depths:2 Depths:3 Depths:5
Ziggurat: Depths:5


Innate Abilities, Weirdness & Mutations

You reflexively headbutt those who attack you in melee.
You have a pair of horns on your head.
Scrolls take you a little longer to read.
Your mind is acute. (Int +2)
Your flesh is very heat resistant. (rF++)
Your natural rate of healing is unusually fast.


Message History

* * * LOW HITPOINT WARNING * * *
The green draconian shifter misses you. The death cob hits you.
* * * LOW HITPOINT WARNING * * *
The white draconian monk completely misses you.
The white draconian monk kicks you.
* * * LOW HITPOINT WARNING * * *
The white draconian monk tail-slaps you but does no damage.
The black draconian annihilator hits you but does no damage.
The red draconian monk hits you but does no damage.
The red draconian monk kicks you.
* * * LOW HITPOINT WARNING * * *
The red draconian monk tail-slaps you but does no damage.
Your stone giant hits the yellow draconian!!!
The yellow draconian stormcaller calls down the wrath of Qazlal upon you.
Qazlal smites you!
* * * LOW HITPOINT WARNING * * *
The yellow draconian hits your stone giant with a halberd of chopping!
The red draconian stormcaller barely misses you.
The white draconian monk hits you!
You die...

.................^........#
........>.................#
..^####..#####...###......#######
................⌠...............†
......#..........>...............
#.....##############......#......
##.#### ######......#...###
.#.#### ####qqz##......#...#
.##...# ###...q@q##......#...#
..#...# ##....Cdqq##..#⌠..#...#
..#######.....######..#...#####
............### #...#...#
#....8....### #.......#
##.......## #.......# #.8...8.#
##......# ##.......## #..#...#
#....8....## #..#...#


You could see 2 draconians, a yellow draconian, a green draconian shifter, a
death cob, 2 draconians, a black draconian annihilator and a friendly stone
giant (berserk).

Vanquished Creatures
  Mennas (Depths:4)
  2 orbs of fire (Zot:1)
  Mara (Vaults:3)
  An ancient lich (Vaults:5)
  Bai Suzhen (Vaults:3)
  Boris (twice) (Vaults:3 Depths:5)
  Margery (Depths:4)
  Saint Roka (Vaults:3)
  3 caustic shrikes
  Geryon (Hell)
  Nikola (Elf:3)
  5 golden dragons
  the Enchantress (Depths:3)
  2 bone dragons
  3 electric golems (Zot:1)
  5 Brimstone Fiends (Geh:1)
  5 tentacled monstrosities
  3 liches
  A Cloud Mage (WizLab)
  2 deep elf blademasters (Elf:3)
  7 titans
  A deep elf master archer (Elf:3)
  7 tentacled starspawn
  Polyphemus (Shoals:2)
  5 quicksilver dragons
  A kraken (Shoals:4)
  An acid blob (Lair:5)
  An eldritch tentacle (Geh:1)
  A death cob (Zot:1)
  3 sphinxes
  Frances (Shoals:2)
  7 shadow dragons
  Roxanne (Elf:1)
  4 draconian monks
  17 tengu reavers
  7 storm dragons
  Kirke (D:12)
  A revenant (Abyss:3)
  Ilsuiw (Shoals:4)
  16 frost giants
  3 deep elf sorcerers
  10 fire giants
  2 imperial myrmidons (Desolation)
  2 orc warlords
  2 draconian scorchers
  2 iron dragons
  4 ghost moths
  11 vault wardens
  Louise (Depths:3)
  8 emperor scorpions
  A cacodemon (Depths:3)
  4 balrugs
  6 deep elf elementalists
  5 reapers
  2 angels (Vaults:3)
  A draconian stormcaller (Depths:5)
  7 spriggan defenders
  17 ironheart preservers
  26 stone giants
  5 entropy weavers
  4 war gargoyles
  3 vampire knights (Depths:2)
  6 green draconians
  55 very ugly things
  2 black draconians (Depths:5)
  4 yellow draconians
  Azrael (D:15)
  6 dire elephants (Lair:6)
  7 deep elf demonologists
  4 purple draconians
  3 white draconians (Zot:1)
  2 red draconians (Zot:1)
  5 spark wasps
  11 deep elf annihilators
  10 merfolk javelineers
  5 deep elf death magi
  An eidolon (Abyss:2)
  3 blizzard demons
  21 ettins
  A mummy priest (Elf:3)
  10 ragged hierophants (Desolation)
  5 crystal guardians
  The ghost of veneficus the Warrior, a journeyman MiBe of Trog (D:11)
  An ettin (shapeshifter) (Depths:2)
  3 green deaths
  6 fire dragons
  16 ogre magi
  6 deep elf high priests
  5 merfolk impalers
  14 ice dragons
  36 vault guards
  17 yaktaur captains
  8 rakshasas
  7 hydras
  8 great orbs of eyes
  5 servants of whispers (Desolation)
  3 catoblepae
  6 peacekeepers (Desolation)
  14 centaur warriors
  2 merfolk avatars (Shoals:4)
  9 spriggan air magi
  A satyr (Shoals:3)
  An anaconda (Lair:6)
  37 two-headed ogres
  A satyr (shapeshifter) (Vaults:5)
  8 merfolk aquamancers
  A death knight (Vaults:1)
  12 deep troll shamans
  25 dancing weapons
  An alligator snapping turtle (Shoals:1)
  11 tengu warriors
  8 death yaks
  2 vampire magi (Elf:3)
  11 deep troll earth magi
  15 spriggan berserkers
  8 hell hogs
  A shock serpent (shapeshifter) (Vaults:5)
  23 small abominations
  A titan zombie (Hell)
  4 orc high priests
  14 thrashing horrors
  An iron golem (Hell)
  42 hell knights
  9 sun demons
  3 soul eaters (Hell)
  A storm dragon zombie (Hell)
  6 wretched stars
  23 deep elf knights
  Sonja (D:15)
  9 iron trolls
  8 spriggans
  A salamander mystic (Depths:3)
  A fire crab (shapeshifter) (Vaults:4)
  3 sixfirhies
  5 spatial maelstroms (Abyss:5)
  3 shadow wraiths
  4 skeletal warriors (Hell)
  3 anaconda zombies
  A sea snake (shapeshifter) (Depths:2)
  38 deep trolls
  A shadow demon (Depths:2)
  18 sea snakes
  7 unseen horrors
  3 glowing orange brains
  18 ironbrand convokers
  10 necromancers
  6 flayed ghosts
  A torturous demonspawn (Depths:2)
  35 starcursed masses
  A lindwurm (shapeshifter) (Depths:2)
  2 phantasmal warriors (Vaults:5)
  11 harpies
  12 deep elf archers
  Pikel (D:6)
  7 wizards
  2 golden dragon skeletons (Geh:1)
  2 wolf spider zombies (Geh:1)
  14 orc knights
  An anaconda skeleton (Geh:1)
  A shadow dragon skeleton (Geh:1)
  11 orb spiders
  A harpy (shapeshifter) (Vaults:5)
  A fire giant zombie (Vaults:4)
  24 wolf spiders
  6 orc sorcerers
  3 salamanders (Depths:3)
  A worldbinder (Abyss:5)
  64 deep elf magi
  8 moths of wrath
  A frost giant zombie (Hell)
  The ghost of koelner the Stinger, a novice DsVM of Nemelex Xobeh (D:7)
  41 ugly things
  15 manticores
  A salamander (shapeshifter) (Depths:4)
  7 cyclopes
  11 elephants
  5 ice statues
  Maurice (D:12)
  A shock serpent zombie (Geh:1)
  14 vault sentinels
  4 black mambas
  12 merfolk sirens
  2 guardian serpents (Desolation)
  An elephant (shapeshifter) (D:13)
  15 fauns
  A water nymph (shapeshifter) (Vaults:5)
  A fire giant skeleton (Geh:1)
  11 water nymphs
  9 rust devils
  15 smoke demons
  A molten gargoyle (Desolation)
  2 frost giant skeletons
  3 centaur skeletons
  An eye of devastation (shapeshifter) (Depths:4)
  A torpor snail (shapeshifter) (Vaults:3)
  13 spiny frogs
  2 human skeletons
  6 orange demons
  A catoblepas zombie (Hell)
  4 hellions
  2 gargoyles
  6 kobold demonologists
  3 efreet
  14 freezing wraiths
  6 komodo dragons
  15 demonic crawlers
  A rime drake (shapeshifter) (Vaults:3)
  A tormentor (Hell)
  5 ice devils
  45 yaktaurs
  A hellwing (Depths:2)
  2 dire elephant skeletons
  7 red devils (Geh:1)
  A queen bee (shapeshifter) (D:13)
  An anaconda simulacrum (Hell)
  10 ancient zymes
  33 merfolk
  2 trolls (shapeshifter)
  The ghost of dion0 the Cudgeler, an amateur MiMo (D:4)
  5 tengu conjurers
  2 hydra zombies (Hell)
  A queen bee (Abyss:5)
  27 jumping spiders
  25 large abominations
  A tengu simulacrum (Vaults:2)
  26 slime creatures
  13 trolls
  12 wind drakes
  3 polar bears
  14 raiju
  A meliai (Abyss:5)
  2 dream sheep (shapeshifter) (Vaults:5)
  2 hydra skeletons (Hell)
  56 saltlings (Desolation)
  8 dream sheep
  25 hornets
  27 blink frogs
  A harpy skeleton (Geh:1)
  An alligator zombie (Hell)
  7 hippogriffs
  A slime creature (shapeshifter) (Depths:2)
  An ettin zombie (Geh:1)
  A hippogriff (shapeshifter) (D:13)
  11 snapping turtles
  A fire dragon zombie (Geh:1)
  A fire giant simulacrum (Vaults:4)
  10 flying skulls
  67 redbacks
  An alligator skeleton (Hell)
  A tarantella (shapeshifter) (Depths:3)
  3 shadows (Geh:1)
  18 water elementals
  10 wraiths
  32 yaks
  A yak (shapeshifter) (Vaults:1)
  7 ynoxinuls
  2 ettin skeletons (Geh:1)
  32 air elementals
  31 tarantellas
  A wyvern (D:13)
  5 hungry ghosts
  4 fire bats
  A human (shapeshifter) (D:13)
  A hog (D:12)
  2 humans (Depths:3)
  A golden eye (shapeshifter) (Abyss:5)
  A basilisk (shapeshifter) (Elf:2)
  3 basilisks
  12 fire elementals
  7 neqoxecs
  A steam dragon (D:9)
  2 chaos spawn
  8 wargs
  9 insubstantial wisps
  3 spatial vortices (Abyss:5)
  4 acid dragons
  19 hell hounds
  A soldier ant (shapeshifter) (Abyss:5)
  A hydra simulacrum (Abyss:2)
  9 water moccasins
  A floating eye (shapeshifter) (Elf:2)
  2 spiny frog zombies (Hell)
  3 floating eyes
  4 porcupines
  37 orc warriors
  8 ice beasts
  A spiny frog skeleton (Geh:1)
  A black bear (shapeshifter) (Depths:1)
  3 black bears
  2 sky beasts
  An eye of draining (D:12)
  10 boggarts
  5 phantoms
  42 ogres
  7 necrophages
  14 wolves
  29 centaurs
  A snapping turtle skeleton (Abyss:1)
  9 crocodiles
  4 big kobolds
  12 bullfrogs
  A wyvern zombie (D:7)
  3 earth elementals
  12 scorpions
  13 killer bees
  A howler monkey (D:7)
  44 wights
  An electric eel (D:14)
  9 crimson imps
  8 centaur zombies
  A bullfrog zombie (D:6)
  9 hounds
  3 quasits
  20 orc priests
  A bullfrog skeleton (D:9)
  31 orc wizards
  2 human zombies (Ossuary)
  3 jellies
  3 iron imps
  An iguana (D:4)
  7 worker ants
  3 hell rats (Lair:1)
  2 hound zombies
  A hound skeleton (D:11)
  4 mummies
  A worker ant zombie (D:3)
  4 gnolls (D:3)
  3 scorpion zombies (Ossuary)
  14 adders
  7 river rats
  16 shadow imps
  10 white imps
  3 ufetubi
  2 adder zombies
  4 adder skeletons
  4 worms
  2 dart slugs
  4 leopard geckos
  133 orcs
  3 giant cockroaches
  10 goblins
  6 hobgoblins
  10 jackals
  3 quokkas
  A ball python (D:3)
  9 bats
  6 frilled lizards
  A giant cockroach zombie (D:5)
  4 gnoll zombies (Ossuary)
  3 hobgoblin zombies (Ossuary)
  4 jackal skeletons
  A jackal zombie (D:5)
  24 kobolds
  3 kobold zombies (Ossuary)
  3 leopard gecko skeletons
  An orc zombie (Ossuary)
  A quokka skeleton (D:5)
  A quokka zombie (D:7)
  11 rats
  A fungus (Spider:2)
  2 lurking horrors
  5 plants
  12 starspawn tentacles
  A tentacle (Shoals:4)
2856 creatures vanquished.

Vanquished Creatures (collateral kills)
  A tentacled starspawn (Abyss:5)
  5 very ugly things (Abyss:5)
  A deep elf demonologist (Elf:3)
  A deep elf death mage (Elf:3)
  A merfolk javelineer (Shoals:4)
  A merfolk impaler (Shoals:4)
  A merfolk aquamancer (Shoals:4)
  A merfolk avatar (Shoals:4)
  6 thrashing horrors (Abyss:5)
  An orc high priest (Orc:2)
  5 wretched stars (Abyss:5)
  A glowing orange brain (Vaults:2)
  A harpy (Shoals:4)
  An ugly thing (Abyss:5)
  A merfolk siren (Shoals:4)
  A smoke demon (Abyss:5)
  A tormentor (Abyss:5)
  4 meliai (Abyss:5)
  A merfolk (Shoals:4)
  A wind drake (Shoals:4)
  A raiju (Abyss:5)
  A blink frog (Abyss:5)
  A flying skull (Abyss:5)
  A neqoxec (Abyss:5)
  A chaos spawn (Abyss:5)
  A warg (Orc:2)
  A large abomination (Abyss:5)
  6 starcursed masses (Abyss:5)
  2 small abominations (Abyss:5)
  8 killer bees (Abyss:5)
  3 orc priests (Orc:2)
  4 orcs (Orc:2)
  2 starspawn tentacles (Abyss:5)
68 creatures vanquished.

Vanquished Creatures (others)
  A deep elf master archer (Elf:3)
  A very ugly thing (Depths:5)
  A deep elf annihilator (Elf:3)
  2 merfolk javelineers (Shoals:4)
  A deep elf knight (Vaults:4)
  5 deep elf archers
  An orc knight (Orc:2)
  A cyclops (Shoals:4)
  2 jumping spiders
  A merfolk (Shoals:4)
  A tengu conjurer (Depths:4)
  A hornet (Spider:4)
  2 wind drakes (WizLab)
  An air elemental (Depths:5)
  A dire elephant simulacrum (Abyss:5)
  5 humans
  A small abomination (Abyss:2)
  2 insubstantial wisps (WizLab)
  A centaur (D:6)
  A crimson imp (Geh:1)
  A hound (D:6)
  An adder (D:6)
  2 orcs
  A quokka (D:9)
  3 demonic plants (Abyss:5)
  14 fungi
  2 lurking horrors (Abyss:4)
  25 plants
  16 starspawn tentacles
  14 tentacles (Shoals:4)
111 creatures vanquished.

Grand Total: 3035 creatures vanquished

Notes
Turn   | Place    | Note
-------+----------+-------------------------------------------
     0 | D:1      | cossakc the Minotaur Berserker began the quest for the Orb.
     0 | D:1      | Reached XP level 1. HP: 19/19 MP: 0/0
   274 | D:1      | Reached XP level 2. HP: 27/27 MP: 1/1
  1218 | D:2      | Reached XP level 3. HP: 33/33 MP: 2/2
  1701 | D:2      | Reached ** piety under Trog
  1885 | D:3      | Reached skill level 5 in Maces & Flails
  1887 | D:3      | Reached XP level 4. HP: 36/40 MP: 3/3
  2500 | D:3      | Reached XP level 5. HP: 47/47 MP: 4/4
  2513 | D:3      | Reached skill level 5 in Fighting
  2599 | D:3      | Reached *** piety under Trog
  2999 | D:3      | Reached XP level 6. HP: 56/56 MP: 5/5
  3571 | D:4      | Noticed dion0's ghost (amateur MiMo)
  3826 | D:4      | Killed dion0's ghost
  3826 | D:4      | Reached skill level 5 in Armour
  3826 | D:4      | Reached XP level 7. HP: 63/63 MP: 6/6
  3876 | D:4      | Found Sokagucs's General Store.
  3898 | D:4      | Bought a scroll of teleportation for 36 gold pieces
  3898 | D:4      | Bought a potion of flight for 36 gold pieces
  3898 | D:4      | Bought a scroll of fog for 24 gold pieces
  4106 | D:4      | Found an iron altar of Okawaru.
  4294 | D:4      | Found a deep blue altar of Sif Muna.
  4298 | D:4      | Reached **** piety under Trog
  4471 | D:5      | Entered Level 5 of the Dungeon
  4623 | D:5      | Found a sand-covered staircase.
  4633 | Ossuary  | Entered an ossuary
  4802 | Ossuary  | Reached XP level 8. HP: 71/71 MP: 7/7
  5332 | D:5      | Found a sparkling altar of Nemelex Xobeh.
  5695 | D:6      | Found Qezolad's Gadget Boutique.
  5781 | D:6      | Reached skill level 10 in Maces & Flails
  5904 | D:6      | Noticed Pikel
  5919 | D:6      | Killed Pikel
  5919 | D:6      | Reached XP level 9. HP: 38/81 MP: 8/8
  6279 | D:6      | Found a deep blue altar of Sif Muna.
  7020 | D:7      | Noticed koelner's ghost (novice DsVM)
  7029 | D:7      | Killed koelner's ghost
  7192 | D:7      | Gained mutation: Your spells are a little easier to cast, but a little less powerful. [potion of mutation]
  7192 | D:7      | Gained mutation: You have supernaturally acute eyesight. (SInv) [potion of mutation]
  7526 | D:7      | Found a staircase to the Ecumenical Temple.
  7540 | Temple   | Entered the Ecumenical Temple
  8195 | D:8      | Noticed a two-headed ogre
  8206 | D:8      | Killed a two-headed ogre
  8210 | D:8      | Reached XP level 10. HP: 64/91 MP: 9/9
  8414 | D:8      | Found a staircase to the Lair.
  8758 | D:8      | Reached ***** piety under Trog
  8949 | D:8      | Got a pair of distressingly furry boots
  8950 | D:8      | Identified the +1 pair of boots "Unoi" {-Cast rF+++ MR+ Int+3} (You found it on level 8 of the Dungeon)
  8967 | D:8      | You fall through a shaft!
  9191 | D:8      | Found a glowing silver altar of Zin.
  9306 | D:8      | Found Lulorox's Antique Armour Shop.
  9314 | D:8      | Bought a buckler for 90 gold pieces
  9522 | D:8      | Reached skill level 1 in Shields
  9763 | Lair:1   | Entered Level 1 of the Lair of Beasts
 10144 | D:9      | Reached skill level 10 in Fighting
 10797 | D:9      | Found a white marble altar of Elyvilon.
 10867 | D:9      | Noticed a gargoyle
 11351 | D:9      | Killed a gargoyle
 11771 | D:10     | Entered Level 10 of the Dungeon
 12111 | D:10     | Reached skill level 5 in Shields
 12112 | D:10     | Found Moghetust's Antique Armour Shoppe.
 12120 | D:10     | Bought a glowing cloak for 165 gold pieces
 12415 | D:10     | Reached XP level 11. HP: 101/101 MP: 10/10
 12616 | D:11     | Noticed veneficus's ghost (journeyman MiBe)
 12636 | D:11     | Killed veneficus's ghost
 12825 | D:11     | Found Oriet's Antique Weapon Shop.
 13010 | D:11     | Reached XP level 12. HP: 118/118 MP: 11/11
 13233 | D:11     | Noticed a two-headed ogre
 13242 | D:11     | Killed a two-headed ogre
 13703 | D:12     | Noticed Kirke
 13703 | D:12     | Noticed a two-headed ogre
 14131 | Lair:1   | Reached skill level 15 in Fighting
 14136 | Lair:1   | Received a gift from Trog
 14137 | Lair:1   | Reached ****** piety under Trog
 14439 | Lair:1   | Reached skill level 10 in Armour
 15401 | Lair:2   | Found a hole to the Spider Nest.
 16573 | Lair:3   | Reached XP level 13. HP: 116/130 MP: 12/12
 17011 | Lair:3   | Got a bloodstained cloak
 17012 | Lair:3   | Identified the cursed +0 cloak "Gaqoqox" {*Contam Int+4 SInv} (You found it on level 3 of the Lair of Beasts)
 17292 | Lair:4   | Found a staircase to the Shoals.
 19036 | Lair:5   | Found a staircase to the Slime Pits.
 19036 | Lair:5   | Found a viscous altar of Jiyva.
 19632 | Lair:5   | Received a gift from Trog
 19785 | Lair:6   | Entered Level 6 of the Lair of Beasts
 19961 | Lair:6   | Reached skill level 10 in Shields
 21312 | Lair:6   | Noticed a dire elephant
 21318 | Lair:6   | Killed a dire elephant
 21318 | Lair:6   | Reached XP level 14. HP: 61/143 MP: 13/13
 22234 | Lair:6   | Identified the +10 spear "Jyawer" {flame, Str+4 Int+2 Stlth+} (You found it on level 6 of the Lair of Beasts)
 22609 | Lair:6   | Identified the ring of the Marlin {rPois rF+ rN+ Str-5} (You found it on level 6 of the Lair of Beasts)
 22611 | Lair:6   | Identified the ring "Qytylono" {rElec MR- Str+8 Dex+4} (You found it on level 6 of the Lair of Beasts)
 22755 | Spider:1 | Entered Level 1 of the Spider Nest
 22992 | Spider:1 | Reached skill level 5 in Polearms
 23901 | Spider:2 | Noticed a ghost moth
 23924 | Spider:1 | Killed a ghost moth
 24421 | Spider:2 | Reached skill level 10 in Polearms
 24746 | Spider:2 | Reached XP level 15. HP: 142/150 MP: 14/14
 24748 | Spider:2 | Reached XP level 16. HP: 152/160 MP: 15/15
 24805 | Spider:2 | Reached skill level 1 in Stealth
 24806 | Spider:2 | Received a gift from Trog
 25841 | Spider:3 | Reached skill level 5 in Dodging
 25862 | Spider:3 | Reached XP level 17. HP: 168/168 MP: 16/16
 26991 | Spider:3 | Received a gift from Trog
 27241 | Spider:4 | Entered Level 4 of the Spider Nest
 29089 | Spider:4 | Got a gossamer rune of Zot
 29399 | Shoals:1 | Entered Level 1 of the Shoals
 29630 | Shoals:1 | Received a gift from Trog
 30087 | Shoals:1 | Found Ivolek's Assorted Antiques.
 30628 | Shoals:1 | Found Meogito's Distillery.
 30637 | Shoals:1 | Bought 2 potions of heal wounds for 170 gold pieces
 30637 | Shoals:1 | Bought a potion of experience for 850 gold pieces
 30637 | Shoals:1 | Bought a potion of heal wounds for 85 gold pieces
 30637 | Shoals:1 | Bought 2 potions of curing for 102 gold pieces
 30637 | Shoals:1 | Reached skill level 15 in Armour
 30637 | Shoals:1 | Reached XP level 18. HP: 179/179 MP: 17/17
 30765 | Shoals:2 | Identified the +5 long sword of Bodily Humours {antimagic, rN+} (You found it on level 2 of the Shoals)
 30880 | Shoals:2 | Found Kotial's Antique Armour Shoppe.
 30897 | Shoals:2 | Bought a shield for 103 gold pieces
 31038 | Shoals:2 | Noticed Polyphemus
 31058 | Shoals:2 | Killed Polyphemus
 31124 | Shoals:2 | Noticed Frances
 31138 | Shoals:2 | Killed Frances
 31341 | Shoals:2 | Received a gift from Trog
 31487 | Shoals:3 | Reached XP level 19. HP: 163/187 MP: 18/18
 32148 | Shoals:3 | Reached skill level 15 in Shields
 32806 | Shoals:4 | Entered Level 4 of the Shoals
 32987 | Shoals:4 | Received a gift from Trog
 33382 | Shoals:4 | Got a crude copper ring
 33384 | Shoals:4 | Identified the ring of Uraosev {*Drain rElec Dex+3 SInv} (You took it off a centaur on level 4 of the Shoals)
 33520 | Shoals:4 | Reached skill level 1 in Crossbows
 33655 | Shoals:4 | Found Yjoehe's Weapon Emporium.
 33775 | Shoals:4 | Got a pair of smoking gloves
 33792 | Shoals:4 | Identified the +1 pair of gloves "Ebbicka" {MR+} (You found it on level 4 of the Shoals)
 33847 | Shoals:4 | Reached skill level 5 in Crossbows
 34111 | Shoals:4 | Noticed Ilsuiw
 34173 | Shoals:4 | Killed Ilsuiw
 34456 | Shoals:4 | Received a gift from Trog
 34893 | Shoals:4 | Got a barnacled rune of Zot
 35333 | Slime:1  | Entered Level 1 of the Pits of Slime
 35336 | Slime:1  | Gained mutation: You are occasionally teleported next to monsters. [a shining eye]
 35339 | Lair:5   | Lost mutation: Your spells are a little easier to cast, but a little less powerful. [potion of mutation]
 35339 | Lair:5   | Lost mutation: You are occasionally teleported next to monsters. [potion of mutation]
 35339 | Lair:5   | Lost mutation: You have supernaturally acute eyesight. (SInv) [potion of mutation]
 35339 | Lair:5   | Gained mutation: You have large cloven feet. [potion of mutation]
 35339 | Lair:5   | Gained mutation: You have very sharp teeth. [potion of mutation]
 35339 | Lair:5   | Gained mutation: Your flesh is cold resistant. (rC+) [potion of mutation]
 35695 | D:12     | Killed Kirke
 35879 | D:12     | Found a glowing golden altar of the Shining One.
 35918 | D:12     | Got a twisted shield
 35920 | D:12     | Identified the +4 shield "Ustrad" {Str+4} (You found it on level 12 of the Dungeon)
 35940 | D:12     | Found a staircase to the Orcish Mines.
 35961 | D:12     | Found a roughly hewn altar of Beogh.
 35991 | D:12     | Noticed Maurice
 36007 | D:12     | Killed Maurice
 36658 | Orc:1    | Entered Level 1 of the Orcish Mines
 36811 | Orc:2    | Entered Level 2 of the Orcish Mines
 36895 | Orc:2    | Found a frozen archway.
 36899 | IceCv    | Entered an ice cave
 36932 | IceCv    | Received a gift from Trog
 37238 | Orc:2    | Found a staircase to the Elven Halls.
 37273 | Orc:2    | Found a roughly hewn altar of Beogh.
 37281 | Orc:2    | Found Huakuem's Weapon Shoppe.
 37489 | Orc:2    | Found a roughly hewn altar of Beogh.
 37490 | Orc:2    | Found Jintom's Magic Scroll Shoppe.
 37667 | Orc:2    | Bought a scroll of identify for 30 gold pieces
 37667 | Orc:2    | Bought a scroll of enchant armour for 112 gold pieces
 37667 | Orc:2    | Bought a scroll of identify for 30 gold pieces
 37667 | Orc:2    | Bought a scroll of identify for 30 gold pieces
 37667 | Orc:2    | Bought a scroll of identify for 30 gold pieces
 37866 | Orc:2    | Found Zipestav's Antique Armour Boutique.
 37867 | Orc:2    | Found a roughly hewn altar of Beogh.
 37900 | Orc:2    | Reached XP level 20. HP: 171/195 MP: 19/19
 38117 | Orc:2    | Found Corraacw's Antique Weapon Shop.
 38177 | Orc:2    | Found a roughly hewn altar of Beogh.
 38221 | Orc:2    | Found a roughly hewn altar of Beogh.
 38339 | Orc:2    | Received a gift from Trog
 38342 | Orc:2    | Got an ivory spear {god gift}
 38343 | Orc:2    | Identified the +2 spear "Allo" {antimagic, +Blink rC- MR++ Dex+3} (Trog gifted it to you on level 2 of the Orcish Mines)
 38612 | Orc:1    | Found Liyc Buo's Antique Weapon Shop.
 38728 | Orc:1    | Found a runed door.
 38911 | Orc:1    | Found a roughly hewn altar of Beogh.
 39048 | Elf:1    | Entered Level 1 of the Elven Halls
 39257 | Elf:1    | Noticed Roxanne
 39319 | Elf:1    | Killed Roxanne
 39708 | Elf:1    | Received a gift from Trog
 40802 | Elf:2    | Found a runed gate.
 40802 | Elf:2    | Found a runed gate.
 40822 | Elf:2    | Found a runed gate.
 40863 | Elf:2    | Paralysed by a floating eye for 4 turns
 41159 | Elf:2    | Received a gift from Trog
 41395 | Elf:2    | Received a gift from Trog
 41641 | Elf:3    | Entered Level 3 of the Elven Halls
 41698 | Elf:3    | Received a gift from Trog
 41972 | Elf:3    | Noticed Nikola
 41986 | Elf:3    | Killed Nikola
 42544 | Elf:3    | Identified the +7 lajatang of Sharkskin {slice, rF++ rC- Dex+6} (You took it off a deep elf death mage on level 3 of the Elven Halls)
 42571 | Elf:3    | Identified the +12 glaive of Symmetry {vamp, Int+6} (You took it off a deep elf annihilator on level 3 of the Elven Halls)
 42774 | Elf:3    | Received a gift from Trog
 42774 | Elf:3    | Reached XP level 21. HP: 211/211 MP: 20/20
 42842 | Elf:3    | Identified the +1 quarterstaff "Juarihucs" {flame, +Rage Str+4} (You took it off a deep elf high priest on level 3 of the Elven Halls)
 43071 | Elf:3    | Found a deep blue altar of Sif Muna.
 43353 | Elf:3    | Got a fine tin amulet
 43767 | D:13     | Found Denuesupn's Antique Armour Emporium.
 43768 | D:13     | Found Zajiew's Antique Weapon Shop.
 43885 | D:13     | Found a gate to the Vaults.
 43907 | D:13     | Identified the amulet "Urchibane" {RegenMP Str+7} (You took it off a vampire mage on level 3 of the Elven Halls)
 44027 | D:13     | Found Vewn's Food Shop.
 44180 | D:13     | Found Yrete's Antique Weapon Shoppe.
 44397 | D:14     | Received a gift from Trog
 44530 | D:14     | Found a runed door.
 45197 | D:15     | Entered Level 15 of the Dungeon
 45701 | D:15     | Noticed Sonja
 45703 | D:15     | Killed Sonja
 45712 | D:15     | Noticed Azrael
 45730 | D:15     | Killed Azrael
 45730 | D:15     | Received a gift from Trog
 46052 | D:15     | Found a staircase to the Depths.
 46168 | Depths:1 | Entered Level 1 of the Depths
 46170 | Depths:1 | Found a gateway to Hell.
 46179 | Depths:1 | Found a one-way gate to the infinite horrors of the Abyss.
 47500 | Depths:2 | Noticed a caustic shrike
 47509 | Depths:2 | Killed a caustic shrike
 47515 | Depths:2 | Received a gift from Trog
 48427 | Depths:2 | Reached XP level 22. HP: 228/228 MP: 21/21
 48522 | Depths:2 | Received a gift from Trog
 48891 | Depths:2 | Found a one-way gate leading to the halls of Pandemonium.
 49492 | Depths:2 | Reached skill level 27 in Fighting
 49796 | Depths:2 | Identified the +7 morningstar "Howeel" {drain, MP+9 Int+2} (You took it off a vampire knight on level 2 of the Depths)
 49867 | Depths:2 | Received a gift from Trog
 49913 | Depths:2 | Noticed a caustic shrike
 49918 | Depths:2 | Killed a caustic shrike
 50619 | Depths:2 | Identified the +5 scale mail of Upayk {+Blink rPois Regen+ Str-4} (You found it on level 2 of the Depths)
 50859 | Depths:3 | Received a gift from Trog
 51170 | Depths:3 | Gained mutation: Your body sometimes deteriorates upon taking damage. [a cacodemon]
 51382 | Depths:3 | Found a runed door.
 51385 | Depths:3 | Found a runed door.
 51521 | Depths:3 | Identified the +9 glaive of Sin {freeze, Dex+2} (You found it on level 3 of the Depths)
 51544 | Depths:3 | Found a burning altar of Makhleb.
 51557 | Depths:3 | Reached XP level 23. HP: 237/240 MP: 22/22
 51561 | Depths:3 | Received a gift from Trog
 52083 | Hell     | Entered the Vestibule of Hell
 52098 | Hell     | Noticed Geryon
 52146 | Hell     | Killed Geryon
 53137 | Hell     | Received a gift from Trog
 53368 | Hell     | Found a gateway to the decaying netherworld of Tartarus.
 53459 | Hell     | Found a gateway to the ashen valley of Gehenna.
 53527 | Hell     | Received a gift from Trog
 53635 | Hell     | Found a gateway to the Iron City of Dis.
 54624 | Depths:3 | Noticed Louise
 54629 | Depths:3 | Killed Louise
 54660 | Depths:3 | Found a corrupted altar of Lugonu.
 55526 | Depths:3 | Voluntarily entered the Abyss.
 55609 | Abyss:1  | Received a gift from Trog
 55614 | Abyss:1  | Gained mutation: You tend to lose your temper in combat. [a neqoxec]
 55650 | Abyss:1  | Found a corrupted altar of Lugonu.
 55733 | Abyss:1  | Lost mutation: You tend to lose your temper in combat. [potion of mutation]
 55733 | Abyss:1  | Lost mutation: Your body sometimes deteriorates upon taking damage. [potion of mutation]
 55733 | Abyss:1  | Lost mutation: Your flesh is cold resistant. (rC+) [potion of mutation]
 55733 | Abyss:1  | Lost mutation: You have large cloven feet. [potion of mutation]
 55733 | Abyss:1  | Gained mutation: Your mind is acute. (Int +2) [potion of mutation]
 55733 | Abyss:1  | Gained mutation: You are partially covered in slimy green scales. (AC +2) [potion of mutation]
 55982 | Abyss:2  | Found a shimmering altar of Xom.
 55982 | Abyss:2  | Found a shimmering altar of Xom.
 55982 | Abyss:2  | Found a shimmering altar of Xom.
 55983 | Abyss:2  | Found a shimmering altar of Xom.
 55984 | Abyss:2  | Found a shimmering altar of Xom.
 55984 | Abyss:2  | Found a corrupted altar of Lugonu.
 55985 | Abyss:2  | Found a shimmering altar of Xom.
 55986 | Abyss:2  | Found a shimmering altar of Xom.
 55986 | Abyss:2  | Found a shimmering altar of Xom.
 55988 | Abyss:2  | Found a shimmering altar of Xom.
 55988 | Abyss:2  | Found a shimmering altar of Xom.
 56138 | Abyss:2  | Received a gift from Trog
 56201 | Abyss:2  | Found an opulent altar of Gozag.
 56242 | Abyss:2  | Found an opulent altar of Gozag.
 56515 | Abyss:2  | Found a corrupted altar of Lugonu.
 56564 | Abyss:2  | Found a corrupted altar of Lugonu.
 57372 | Abyss:2  | Gained mutation: Potions are less effective at restoring your health. [a neqoxec]
 57428 | Abyss:3  | Received a gift from Trog
 57471 | Abyss:3  | Gained mutation: Armour fits poorly on your strangely shaped body. [a neqoxec]
 57612 | Abyss:4  | Found a corrupted altar of Lugonu.
 57677 | Abyss:4  | Lost mutation: Your mind is acute. (Int +2) [potion of mutation]
 57677 | Abyss:4  | Lost mutation: You are partially covered in slimy green scales. (AC +2) [potion of mutation]
 57677 | Abyss:4  | Lost mutation: Armour fits poorly on your strangely shaped body. [potion of mutation]
 57677 | Abyss:4  | Lost mutation: You have very sharp teeth. [potion of mutation]
 57677 | Abyss:4  | Lost mutation: Potions are less effective at restoring your health. [potion of mutation]
 57677 | Abyss:4  | Gained mutation: Your flesh is heat resistant. (rF+) [potion of mutation]
 57677 | Abyss:4  | Gained mutation: Your flesh is cold resistant. (rC+) [potion of mutation]
 57678 | Abyss:4  | Lost mutation: Your flesh is cold resistant. (rC+) [potion of mutation]
 57678 | Abyss:4  | Gained mutation: You are robust. (+10% HP) [potion of mutation]
 57678 | Abyss:4  | Gained mutation: Your natural rate of healing is unusually fast. [potion of mutation]
 57678 | Abyss:4  | Gained mutation: Your flesh is very heat resistant. (rF++) [potion of mutation]
 57692 | Abyss:5  | Entered Level 5 of the Abyss
 57716 | Abyss:5  | Reached XP level 24. HP: 273/273 MP: 22/22
 57861 | Abyss:5  | Paralysed by accursed screaming for 1 turns
 57921 | Abyss:5  | Paralysed by accursed screaming for 2 turns
 57966 | Abyss:5  | Received a gift from Trog
 58168 | Abyss:5  | Found a corrupted altar of Lugonu.
 58242 | Abyss:5  | Got an abyssal rune of Zot
 58333 | Depths:3 | Escaped the Abyss
 58483 | Hell     | Found a gateway to the freezing wastes of Cocytus.
 58504 | Hell     | Received a gift from Trog
 59049 | Vaults:1 | Entered Level 1 of the Vaults
 59537 | Vaults:1 | Found Fenuth's Antique Armour Boutique.
 59851 | Vaults:1 | Received a gift from Trog
 60514 | Vaults:2 | Found a magical portal.
 60523 | WizLab   | Entered The Chambers of the Cloud Mage
 60706 | WizLab   | Received a gift from Trog
 60888 | WizLab   | Identified the Compendium of Flight
 60891 | WizLab   | Identified the Handbook of the Birds
 61538 | Vaults:2 | Received a gift from Trog
 61821 | Vaults:2 | Reached skill level 15 in Polearms
 61837 | Vaults:2 | Identified the +4 glaive "Joolimor" {flame, SInv} (You took it off a yaktaur captain on level 2 of the Vaults)
 62133 | Vaults:3 | Received a gift from Trog
 62133 | Vaults:3 | Reached XP level 25. HP: 274/282 MP: 22/22
 62181 | Vaults:3 | Found a glowing golden altar of the Shining One.
 62190 | Vaults:3 | Found a ruined gateway.
 62192 | Vaults:3 | Found a glowing silver altar of Zin.
 62192 | Vaults:3 | Found a white marble altar of Elyvilon.
 62220 | Vaults:3 | Found a flickering gateway to a bazaar.
 62227 | Bazaar   | Entered a bazaar
 62227 | Bazaar   | Found Inyef's General Store.
 62227 | Bazaar   | Found Pacismom's Distillery.
 62227 | Bazaar   | Found Jenont's Assorted Antiques.
 62235 | Bazaar   | Bought a scroll of identify for 36 gold pieces
 62249 | Bazaar   | Bought a scroll of teleportation for 78 gold pieces
 62249 | Bazaar   | Bought a scroll of teleportation for 78 gold pieces
 62283 | Desolati | Entered the Desolation of Salt
 62428 | Desolati | Received a gift from Trog
 62458 | Desolati | Identified the +5 quarterstaff of the Scavenger {elec, MR+ MP+9 Int+2} (You found it in the Desolation of Salt)
 62460 | Desolati | Identified the cursed ring of the Shining Light {Str+5 Int-3} (You found it in the Desolation of Salt)
 62466 | Desolati | Identified the ring "Qaojucidd" {+Fly rC+} (You found it in the Desolation of Salt)
 62480 | Desolati | Identified the ring "Jil Nakoun" {rElec rF++ MR- MP+9 Stlth+} (You found it in the Desolation of Salt)
 62874 | Desolati | Identified the cursed +0 cloak of Ru's Brutal Revenge {rElec rPois Regen+ Str+2} (You found it in the Desolation of Salt)
 62894 | Desolati | Identified the ring "Inoub" {rElec rF+ MP-9 Str+3 Int+5} (You found it in the Desolation of Salt)
 62907 | Desolati | Got a flickering turquoise ring
 63197 | Desolati | Received a gift from Trog
 63236 | Desolati | Got a brightly glowing iron ring
 63707 | Vaults:3 | Noticed Boris
 63717 | Vaults:3 | Killed Boris
 63877 | Vaults:3 | Received a gift from Trog
 64046 | Vaults:3 | Noticed Bai Suzhen
 64065 | Vaults:3 | Killed Bai Suzhen
 64155 | Vaults:3 | Found a staircase to the Crypt.
 64155 | Vaults:3 | Found an ancient bone altar of Kikubaaqudgha.
 64156 | Vaults:3 | Found a basalt altar of Yredelemnul.
 64260 | Vaults:3 | Noticed Mara
 64266 | Vaults:3 | Noticed cossakc's illusion
 64274 | Vaults:3 | Killed Mara
 64431 | Vaults:3 | Noticed Saint Roka
 64451 | Vaults:3 | Killed Saint Roka
 64793 | Vaults:4 | Received a gift from Trog
 64883 | Vaults:4 | Got a jewelled trident
 64913 | Vaults:4 | Identified the ring "Leawoucs" {Fire *Drain rPois Str+3} (You found it in the Desolation of Salt)
 65217 | Vaults:4 | Received a gift from Trog
 65220 | Vaults:4 | Reached XP level 26. HP: 292/292 MP: 22/22
 66133 | Vaults:5 | Entered Level 5 of the Vaults
 66384 | Vaults:4 | Received a gift from Trog
 66586 | Vaults:4 | Received a gift from Trog
 66948 | Vaults:5 | Received a gift from Trog
 66948 | Vaults:5 | Reached skill level 10 in Dodging
 67098 | Vaults:5 | Received a gift from Trog
 67387 | Vaults:5 | Reached XP level 27. HP: 151/300 MP: 22/22
 67682 | Vaults:5 | Got a silver rune of Zot
 67727 | Vaults:5 | Got a glittering bone ring
 67928 | Vaults:5 | Noticed an ancient lich
 67940 | Vaults:5 | Killed an ancient lich
 68126 | Vaults:5 | Received a gift from Trog
 68232 | Vaults:5 | Found Doerext's Gadget Shoppe.
 68234 | Vaults:5 | Found Ihicuus's Jewellery Shoppe.
 68730 | Geh:1    | Entered Level 1 of Gehenna
 69639 | Geh:1    | Received a gift from Trog
 69700 | Geh:1    | Gained mutation: You have sharp fingernails. [mutagenic glow]
 70060 | Geh:1    | Received a gift from Trog
 70362 | Depths:4 | Noticed the Enchantress
 70375 | Depths:3 | Killed the Enchantress
 70440 | Depths:4 | Reached skill level 27 in Armour
 70445 | Depths:4 | Reached skill level 1 in Throwing
 72415 | Depths:4 | Noticed Mennas
 72426 | Depths:4 | Killed Mennas
 72426 | Depths:4 | Reached skill level 5 in Throwing
 72614 | Depths:4 | Received a gift from Trog
 72636 | Depths:4 | Found a gateway to a bazaar.
 72668 | Bazaar   | Entered a bazaar
 72668 | Bazaar   | Found Fotokur's Gadget Shoppe.
 72679 | Bazaar   | Found Kyeco's Antique Weapon Boutique.
 72690 | Bazaar   | Found Qakaess's General Store.
 72697 | Bazaar   | Found Deybbife's Distillery.
 72699 | Bazaar   | Bought a scroll of identify for 24 gold pieces
 72701 | Bazaar   | Identified the ring "Vuhiucab" {rPois rC++ Str+5 Int+4 Dex-5} (You took it off a yaktaur captain on level 5 of the Vaults)
 72711 | Bazaar   | Bought a potion of heal wounds for 60 gold pieces
 72716 | Bazaar   | Found Ywkuv's Antique Armour Boutique.
 72852 | Depths:4 | Paralysed by a floating eye for 4 turns
 73005 | Depths:4 | Noticed Margery
 73021 | Depths:4 | Killed Margery
 73136 | Depths:4 | Reached skill level 10 in Throwing
 73334 | Depths:4 | Received a gift from Trog
 73370 | Depths:4 | Received a gift from Trog
 73653 | Depths:5 | Entered Level 5 of the Depths
 73791 | Depths:5 | Found a gateway to a ziggurat.
 73884 | Depths:5 | Noticed Boris
 73899 | Depths:5 | Killed Boris
 74036 | Depths:5 | Found a gate to the Realm of Zot.
 74068 | Depths:5 | Received a gift from Trog
 74191 | Depths:5 | Reached skill level 15 in Throwing
 74744 | Zot:1    | Entered Level 1 of the Realm of Zot
 74749 | Zot:1    | Noticed an orb of fire
 74752 | Zot:1    | Gained mutation: You occasionally shout uncontrollably at your foes. [an orb of fire]
 74758 | Zot:1    | Gained mutation: Your body sometimes deteriorates upon taking damage. [an orb of fire]
 74761 | Zot:1    | Gained mutation: You are occasionally teleported next to monsters. [an orb of fire]
 74762 | Zot:1    | Killed an orb of fire
 74808 | Zot:1    | Lost mutation: Your body sometimes deteriorates upon taking damage. [potion of mutation]
 74808 | Zot:1    | Lost mutation: You occasionally shout uncontrollably at your foes. [potion of mutation]
 74808 | Zot:1    | Lost mutation: You are occasionally teleported next to monsters. [potion of mutation]
 74808 | Zot:1    | Lost mutation: You have sharp fingernails. [potion of mutation]
 74808 | Zot:1    | Lost mutation: You are robust. (+10% HP) [potion of mutation]
 74808 | Zot:1    | Gained mutation: Your muscles are strong. (Str +2) [potion of mutation]
 74808 | Zot:1    | Gained mutation: Your mind is acute. (Int +2) [potion of mutation]
 74934 | Zot:1    | Noticed an orb of fire
 74942 | Zot:1    | Lost mutation: Your muscles are strong. (Str +2) [an orb of fire]
 74945 | Zot:1    | Gained mutation: Scrolls take you a little longer to read. [an orb of fire]
 74951 | Zot:1    | Killed an orb of fire
 75310 | Zot:1    | Received a gift from Trog
 75924 | Zot:1    | HP: 12/273 [yellow draconian stormcaller/divine providence (13)]
 75924 | Zot:1    | Slain by a white draconian monk

Skill      XL: |  1  2  3  4  5  6  7  8  9 10 11 12 13 14 15 16 17 18 19 20 21 22 23 24 25 26 27 |
---------------+----------------------------------------------------------------------------------+-----
Maces & Flails | 4 5 6 7 8 10 12 14 | 14.0
Armour         | 3 4 5 6 7 8 9 11 12 13 15 17 18 19 21 24 25 27 | 27.0
Fighting       | 4 5 6 8 9 10 14 16 18 19 20 23 26 27 | 27.0
Shields        | 5 8 10 11 13 14 15 16 18 20 21 | 21.8
Polearms       | 12 13 14 15 21 23 | 23.0
Stealth        | 4 |  4.6
Dodging        | 5 7 12 14 | 14.9
Crossbows      | 9 |  9.5
Throwing       | 17 | 17.9

Action                   |  1- 3 |  4- 6 |  7- 9 | 10-12 | 13-15 | 16-18 | 19-21 | 22-24 | 25-27 || total
-------------------------+-------+-------+-------+-------+-------+-------+-------+-------+-------++-------
Melee: Mace              |    72 |    62 |       |       |       |       |       |       |       ||   134
       Headbutt          |     6 |    30 |    65 |   162 |   194 |   181 |   476 |   703 |   569 ||  2386
       Flail             |       |    78 |   273 |   621 |   578 |       |       |       |       ||  1550
       Whip              |       |       |    10 |       |       |       |       |       |       ||    10
       Spear             |       |       |       |       |     6 |   833 |  2016 |  1776 |       ||  4631
       Bite              |       |       |       |       |       |       |   190 |   274 |       ||   464
       Glaive            |       |       |       |       |       |       |       |   445 |  2107 ||  2552
 Fire: Hunting sling     |     3 |     5 |     3 |       |       |       |       |       |       ||    11
       Hand crossbow     |       |       |       |       |       |     8 |   180 |       |       ||   188
Throw: Tomahawk          |       |       |       |     1 |       |       |       |       |       ||     1
       Throwing net      |       |       |       |       |       |       |     1 |       |     1 ||     2
       Javelin           |       |       |       |       |       |       |       |       |    74 ||    74
Invok: Berserk           |     1 |     5 |     4 |     2 |     6 |     2 |     5 |     8 |     5 ||    38
       Burn Spellbooks   |       |     1 |     1 |     3 |     1 |     2 |    18 |     4 |     4 ||    34
       Brothers in Arms  |       |       |       |       |       |       |     8 |    12 |     1 ||    21
       Trog's Hand       |       |       |       |       |       |       |     1 |     8 |     1 ||    10
Evoke: Lamp of fire      |       |       |       |       |       |       |     2 |       |       ||     2
       Wand              |       |       |       |       |       |       |     1 |       |       ||     1
       Lightning rod     |       |       |       |       |       |       |     1 |       |       ||     1
       Phial of floods   |       |       |       |       |       |       |     1 |       |       ||     1
  Use: Scroll            |       |       |     9 |    10 |    23 |    10 |    20 |     8 |    15 ||    95
       Potion            |       |       |     2 |     4 |     8 |     5 |     8 |    15 |     5 ||    47
 Stab: Distracted        |       |       |       |       |       |     5 |     4 |    11 |     2 ||    22
       Sleeping          |       |       |       |       |       |    10 |    41 |    19 |     4 ||    74
       Held in net/web   |       |       |       |       |       |     1 |       |       |       ||     1
       Petrified         |       |       |       |       |       |       |       |     1 |       ||     1
  Eat: Chunk             |     4 |    10 |     4 |    10 |    28 |    12 |    32 |    26 |    27 ||   153
       Meat ration       |       |       |     2 |     2 |       |       |     2 |     2 |     3 ||    11
       Fruit             |       |       |     2 |       |       |     4 |     2 |     4 |       ||    12
       Bread ration      |       |       |     1 |     2 |     1 |     2 |     4 |     6 |     2 ||    18
       Royal jelly       |       |       |       |     1 |       |       |       |       |       ||     1
Armor: Animal skin       |     6 |       |       |       |       |       |       |       |       ||     6
       Chain mail        |    19 |    69 |   138 |    23 |       |       |       |       |       ||   249
       Plate armour      |       |       |       |   155 |       |       |       |       |       ||   155
       Quicksilver drago |       |       |       |    81 |   313 |   227 |   224 |   545 |   135 ||  1525
       Gold dragon scale |       |       |       |       |       |       |       |       |  1358 ||  1358
Dodge: Dodged            |    41 |    66 |   150 |   211 |   314 |   272 |   292 |   844 |  1518 ||  3708
Block: Buckler           |       |       |       |    62 |   271 |   212 |       |       |       ||   545
       Shield            |       |       |       |       |       |    15 |  1016 |   974 |       ||  2005
       Reflection        |       |       |       |       |       |       |    99 |       |       ||    99
